 Dungeon Crawl Stone Soup version 0.32-a0-779-g362cfcae2a (webtiles) character file.

Game seed: 18148103348475805632

3077 demenzo the Cleaver (level 9, 0/79 HPs)
             Began as a Minotaur Monk on Mar 19, 2024.
             Was a Believer of Beogh.
             Succumbed to Erica's bolt of poison
             ... on level 8 of the Dungeon.
             The game lasted 00:10:40 (7644 turns).

demenzo the Cleaver (Minotaur Monk)                 Turns: 7644, Time: 00:10:41

Health: 0/79       AC: 10    Str: 19    XL:     9   Next: 58%
Magic:  18/20      EV:  3    Int:  7    God:    Beogh [**....]
Gold:   379        SH: 10    Dex: 14    Spells: 8/8 levels left

rFire   . . .        a - +6 hammer "Wono" {elec, rC+ rCorr Stlth+}
rCold   + . .        D - +0 buckler
rNeg    + + .        M - +3 leather armour {rN+}
rPois   .            r - +1 hat
rElec   .            R - +0 cloak
rCorr   +            s - +1 pair of gloves
SInv    .            (no boots)
Will    .....        i - amulet of reflection
Stlth   ++           l - ring of magical power
HPRegen 0.33/turn    v - ring of positive energy
MPRegen 0.17/turn

%: reflection
@: lethally poisoned (0 -> -19), constricted, studying Polearms
A: horns 2, retaliatory headbutt
a: Renounce Religion, Smiting


You were on level 8 of the Dungeon.
You worshipped Beogh.
Beogh was pleased with you.
You visited 1 branch of the dungeon, and saw 8 of its levels.

You collected 379 gold pieces.

Inventory:

Hand Weapons
 a - the +6 hammer "Wono" (weapon) {elec, rC+ rCorr Stlth+}
   (You found it on level 7 of the Dungeon)

   rC+:       It protects you from cold.
   rCorr:     It protects you from acid and corrosion.
   Stlth+:    It makes you more stealthy.
 b - a +0 sling
 t - a +0 hand axe
 K - a +0 whip of electrocution
 N - a +0 war axe
 O - a +3 hand axe
Missiles
 H - 4 javelins (quivered)
Armour
 j - a +2 robe of resistance
 r - a +1 hat (worn)
 s - a +1 pair of gloves (worn)
 A - a +0 plate armour
 D - a +0 buckler (worn)
 M - a +3 leather armour of positive energy (worn)
 R - a +0 cloak (worn)
Magical Staves
 F - a staff of conjuration
 L - a staff of alchemy
Jewellery
 i - an amulet of reflection (around neck)
 l - a ring of magical power (left hand)
 v - a ring of positive energy (right hand)
 J - an amulet of guardian spirit
Wands
 u - a wand of roots (16)
 y - a wand of quicksilver (4)
 P - a wand of paralysis (7)
Scrolls
 c - a scroll of butterflies {unknown}
 d - a scroll of identify
 f - a scroll of poison {unknown}
 g - a scroll of fog {unknown}
 m - a scroll of acquirement {unknown}
 n - 3 scrolls of teleportation {unknown}
 o - a scroll of vulnerability {unknown}
 B - 2 scrolls of enchant weapon {unknown}
 G - a scroll of revelation {unknown}
 I - a scroll of enchant armour {unknown}
Potions
 e - 2 potions of haste
 h - a potion of heal wounds
 k - 3 potions of might
 p - a potion of mutation
 q - 3 potions of curing
 w - 2 potions of cancellation {unknown}
 x - a potion of ambrosia
 z - 2 potions of magic
 C - a potion of brilliance {unknown}
 E - a potion of enlightenment {unknown}
 Q - 3 potions of attraction {unknown}


   Skills:
 + Level 7.6 Fighting
 * Level 10.3 Axes
 + Level 7.0 Dodging
 + Level 6.2 Shields
 + Level 4.7 Invocations


You had 8 spell levels left.
You didn't know any spells.
Your spell library contained the following spells:

 Spells                   Type           Power      Damage    Failure   Level
 Freeze                   Ice            0%         1d3       56%         1
 Mercury Vapours          Alch/Air       0%         N/A       71%         2
 Frozen Ramparts          Ice            0%         1d1       90%         3
 Hailstorm                Conj/Ice       0%         3d5       90%         3
 Mephitic Cloud           Conj/Alch/Air  0%         N/A       90%         3
 Vhi's Electric Charge    Tloc/Air       0%         N/A       100%        4
 Arcjolt                  Conj/Air       0%         1d10      100%        5
 Freezing Cloud           Conj/Ice/Air   0%         6-21      100%        5
 Maxwell's Capacitive Co  Air            0%         ∞         100%        8


Dungeon Overview and Level Annotations

Branches:
Dungeon (8/15) Zot: 26514  Temple (0/1) D:7
   Lair: D:8-11

Altars:
Hepliaklqana
Kikubaaqudgha
Uskayaw
Vehumet
Yredelemnul

Annotations:
D:8 Erica


Innate Abilities, Weirdness & Mutations

Your facial features look somewhat orcish.
You have a pair of horns on your head.
You reflexively headbutt those who attack you in melee.


Message History

Items here: )) [[.
Things that are here:
a +2 spear; a +0 robe
k - 3 potions of might (gained 1)
Found 5 stones.
Erica is nearby!
Erica shouts!
You sock Erica! Your headbutt misses Erica.
Erica is lightly wounded.
Erica casts a spell.
Erica flickers and vanishes!
Deactivating autopickup; reactivate with Ctrl-A.
Unknown command.
Aiming: Smiting
Press: ? - help, Dir - move target You smite something!
Something hits you but does no damage. Something grabs you.
You are constricted.
You closely miss something. Something hits you but does no damage.
You are constricted.
You sock something! Your headbutt misses something. Something hits you.
Something burns you.
You are constricted.
You hit something. Lightning courses through something! Something hits you!
Something burns you!
You are constricted.
You barely miss something. Something hits you. Something burns you.
You are constricted.
You hear some strange, mumbled words.
A bolt of poison appears from out of thin air!
The bolt of poison hits you!
You are poisoned.
You are constricted.
You hit something.
You feel extremely sick. Something hits you!
* * * LOW HITPOINT WARNING * * *
Something burns you.
* * * LOW HITPOINT WARNING * * *
You are constricted.
* * * LOW HITPOINT WARNING * * *
You hit something. You headbutt something.
You die...

## .# #. ..# #
.##.####.#.#
.......@{#.###
###.###......#
#.###..#.#.#
#........#.#
#####..###.#
#...##.#
##..##.# ##+##
#..##.#
##...##
#..##.#


There were no monsters in sight!

Vanquished Creatures
  Joseph (D:7)
  2 yaks (D:7)
  A wyvern (D:7)
  2 steam dragons (D:7)
  Menkaure (D:7)
  A sky beast (D:7)
  4 ogres
  2 centaurs
  A phantom (D:5)
  A bullfrog (D:6)
  A gnoll sergeant (D:5)
  5 wights (D:8)
  6 howler monkeys
  3 bombardier beetles
  2 hounds
  2 jellies
  A gnoll bouda (D:7)
  An orc priest (D:5)
  Crazy Yiuf (D:7)
  Jessica (D:2)
  2 iguanas
  An orc wizard (D:4)
  8 gnolls
  16 adders
  3 shadow imps
  A white imp (D:6)
  8 orcs
  8 endoplasms
  3 giant cockroaches
  3 goblins
  7 hobgoblins
  5 jackals (D:3)
  4 quokkas
  6 ball pythons
  5 bats
  2 frilled lizards
  7 kobolds
  4 rats
132 creatures vanquished.

Vanquished Creatures (others)
  A human (D:5)
  3 orcs
4 creatures vanquished.

Grand Total: 136 creatures vanquished

Notes
Turn   | Place    | Note
-------+----------+-------------------------------------------
     0 | D:1      | demenzo the Minotaur Monk began the quest for the Orb.
     0 | D:1      | Reached XP level 1. HP: 19/19 MP: 0/0
   269 | D:1      | Reached skill level 4 in Axes
   270 | D:1      | Reached XP level 2. HP: 21/27 MP: 1/1
   973 | D:2      | Noticed Jessica
   979 | D:2      | Killed Jessica
   980 | D:2      | Reached skill level 1 in Shields
   980 | D:2      | Reached XP level 3. HP: 25/33 MP: 2/2
  1264 | D:2      | Reached XP level 4. HP: 35/40 MP: 3/3
  1344 | D:2      | Reached skill level 5 in Axes
  1625 | D:2      | Found a basalt altar of Yredelemnul.
  2013 | D:3      | Reached XP level 5. HP: 40/47 MP: 4/4
  2250 | D:3      | Found a faded altar of an unknown god.
  2559 | D:4      | Became a worshipper of Beogh the Shepherd
  2559 | D:4      | Reached * piety under Beogh
  2559 | D:4      | Reached ** piety under Beogh
  2616 | D:4      | Noticed a +0 spear
  2616 | D:4      | Noticed a +0 dagger
  2617 | D:4      | Noticed a +0 short sword
  2618 | D:4      | Noticed a +0 spear
  2618 | D:4      | Noticed a +0 dagger
  2618 | D:4      | Noticed a +0 falchion
  2619 | D:4      | Noticed a +0 short sword
  2619 | D:4      | Noticed a +0 falchion
  2623 | D:4      | Found a hide-covered altar of Uskayaw.
  2821 | D:4      | Reached XP level 6. HP: 43/53 MP: 5/5
  2829 | D:4      | Reached skill level 6 in Axes
  3175 | D:5      | Entered Level 5 of the Dungeon
  3189 | D:5      | Reached skill level 1 in Invocations
  3351 | D:4      | Reached skill level 5 in Fighting
  3362 | D:4      | Reached XP level 7. HP: 48/61 MP: 7/7
  3593 | D:5      | Reached skill level 5 in Dodging
  3725 | D:5      | Reached skill level 7 in Axes
  4090 | D:5      | Found an ancient bone altar of Kikubaaqudgha.
  4095 | D:5      | Noticed a human
  4098 | D:5      | Killed a human
  4193 | D:5      | Found a radiant altar of Vehumet.
  4349 | D:6      | Reached XP level 8. HP: 56/70 MP: 8/8
  4857 | D:6      | Reached skill level 8 in Axes
  5418 | D:7      | Noticed Menkaure
  5426 | D:7      | Killed Menkaure
  5647 | D:7      | Found a staircase to the Ecumenical Temple.
  5668 | D:7      | Reached skill level 5 in Shields
  5839 | D:7      | Reached skill level 9 in Axes
  5964 | D:7      | Noticed Joseph
  5985 | D:7      | Killed Joseph
  5986 | D:7      | Reached XP level 9. HP: 25/79 MP: 11/11
  6538 | D:7      | Found a hazy altar of Hepliaklqana.
  6991 | D:7      | Found a runed translucent door.
  6992 | D:7      | Noticed Crazy Yiuf
  7009 | D:7      | Killed Crazy Yiuf
  7014 | D:7      | Identified the +6 hammer "Wono" {elec, rC+ rCorr Stlth+}
  7183 | D:7      | Reached skill level 10 in Axes
  7407 | D:8      | Noticed Erica
  7644 | D:8      | Succumbed to Erica's bolt of poison

Illustrated notes

Levels and vault maps discovered:
D:1:      dpeg_arrival_shrine, layout_loops_ring, serial_bayou_pond_b
D:2:      minmay_inner_zag, layout_basic, basic_altar,
          nicolae_figureground_sparkle, uniq_jessica
D:3:      layout_loops_cross, shapermc_ecumenical_altar_gd
D:4:      layout_basic, nicolae_uskayaw_en_pointe
D:5:      wander_river, layout_cave_pools, lemuel_coloured_pillars_altar,
          tgw_kikubaaqudgha
D:6:      layout_basic, marbit_many_paths, moated_statue, minmay_manual_maat
D:7:      layout_loops_corners, amcnicky_altar_gilded,
          minmay_temple_entry_glass, uniq_menkaure, uniq_joseph,
          uniq_crazy_yiuf_cottage
D:8:      layout_loops_corners, dpeg_oklobed_lair, uniq_psyche, uniq_pikel,
          uniq_jeremiah, uniq_erica

Skill      XL: |  1  2  3  4  5  6  7  8  9 |
---------------+----------------------------+-----
Axes           | 4 5 6 7 9 10 | 10.3
Fighting       | 4 5 7 |  7.6
Shields        | 1 2 3 4 5 6 |  6.2
Dodging        | 4 5 6 7 |  7.0
Invocations    | 1 2 4 |  4.7

Action                     |  1- 3 |  4- 6 |  7- 9 || total
---------------------------+-------+-------+-------++-------
  Melee: Hand axe          |    63 |    77 |    25 ||   165
         Headbutt          |    10 |    13 |    49 ||    72
         War axe           |       |    60 |   154 ||   214
         Mace              |       |       |    34 ||    34
   Fire: Sling             |       |       |    17 ||    17
  Throw: Javelin           |       |       |     2 ||     2
 Invoke: Convert to Beogh  |       |     1 |       ||     1
         Smiting           |       |       |     3 ||     3
  Evoke: Wand              |       |       |     2 ||     2
    Use: Scroll            |       |     5 |     1 ||     6
         Potion            |       |     1 |     1 ||     2
   Stab: Sleeping          |     2 |     4 |     1 ||     7
 Armour: Robe              |    36 |    70 |    61 ||   167
         Plate armour      |       |       |    16 ||    16
         Steam dragon scal |       |       |     6 ||     6
         Leather armour    |       |       |    60 ||    60
  Dodge: Dodged            |    38 |    67 |    80 ||   185
  Block: Buckler           |    10 |    45 |   108 ||   163
         Reflection        |       |       |     3 ||     3

Table legend: (Time is in decaauts)
 A = Elapsed time spent in this place.
 B = Non-inter-level travel time spent in this place.
 C = Inter-level travel time spent in this place.
 D = Time resting spent in this place.
 E = Time spent auto-exploring this place.
 F = Levels seen in this place.
 G = Mean time per level.
                   A        B        C        D        E       F      G
               +--------+--------+--------+--------+--------+-----+--------+
         Total |   7697 |   7345 |    352 |   1415 |   4644 |   8 |  962.1 |
       Dungeon |   7697 |   7345 |    352 |   1415 |   4644 |   8 |  962.1 |
               +--------+--------+--------+--------+--------+-----+--------+

Top non-repeatable levels by time:
     D:7: 2179 daAuts
     D:5: 1172 daAuts
     D:4: 917 daAuts
     D:1: 901 daAuts
     D:6: 881 daAuts
     D:2: 769 daAuts
     D:3: 733 daAuts
     D:8: 143 daAuts
